 Dungeon Crawl Stone Soup version 0.30-a0-879-ga8ba668304 (webtiles) character file.

Game seed: 13929660150091391849

1369 hikkokomori the Gusty (level 8, -12/48 HPs)
             Began as a Tengu Air Elementalist on Mar 13, 2023.
             Was a Follower of Vehumet.
             Shot with a bolt by an orc warrior (18 damage)
             ... on level 7 of the Dungeon.
             The game lasted 00:10:42 (5177 turns).

hikkokomori the Gusty (Tengu Air Elementalist)      Turns: 5177, Time: 00:10:42

Health: -12/48     AC:  7    Str:  9    XL:     8   Next: 65%
Magic:  19/23      EV: 12    Int: 18    God:    Vehumet [*.....]
Gold:   320        SH:  0    Dex: 14    Spells: 8/14 levels left

rFire   . . .      SeeInvis .    m - +0 arbalest
rCold   + . .      Faith    .    (shield currently unavailable)
rNeg    . . .      Spirit   .    D - +2 ring mail {rC+}
rPois   .          Reflect  .    (helmet restricted)
rElec   .          Rampage  .    (no cloak)
rCorr   .                        (no gloves)
Will    .....                    (boots unavailable)
Stlth   ++                       (no amulet)
HPRegen 0.28/turn                e - ring of magical power
MPRegen 0.18/turn                v - ring of wizardry

@: flying quickly and evasively, quick
A: beak, talons 3, nimble flight
a: Renounce Religion


You were on level 7 of the Dungeon.
You worshipped Vehumet.
Vehumet was aware of your devotion.
You visited 2 branches of the dungeon, and saw 8 of its levels.

You collected 320 gold pieces.

Inventory:

Hand Weapons
 g - a +0 short sword
 m - a +0 arbalest (weapon)
 r - a +0 short sword of draining
Missiles
 n - 5 javelins
Armour
 a - a +0 robe
 d - a +3 ring mail
 D - a +2 ring mail of cold resistance (worn)
Jewellery
 e - a ring of magical power (left hand)
 v - a ring of wizardry (right hand)
Wands
 q - a wand of flame (2)
 y - a wand of roots (5)
Scrolls
 j - a scroll of acquirement {unknown}
 l - 2 scrolls of immolation
 o - a scroll of magic mapping {unknown}
 s - 4 scrolls of teleportation {unknown}
 u - a scroll of identify {unknown}
 w - a scroll of summoning {unknown}
 x - a scroll of fear {unknown}
 A - a scroll of torment {unknown}
 C - a scroll of poison {unknown}
Potions
 b - 3 potions of magic
 c - 2 potions of degeneration
 f - 6 potions of mutation {unknown}
 h - a potion of ambrosia {unknown}
 i - 2 potions of cancellation {unknown}
 k - 5 potions of curing
 p - a potion of might {unknown}
 t - 2 potions of lignification {unknown}
 z - a potion of attraction {unknown}
 B - a potion of heal wounds {unknown}


   Skills:
 + Level 4.1 Fighting
 + Level 4.1 Ranged Weapons
 - Level 2.1 Dodging
 + Level 5.1 Stealth
 + Level 3.6 Spellcasting
 - Level 5.6 Conjurations
 + Level 0.3 Hexes
 + Level 0.5 Translocations
 - Level 6.9 Air Magic


You had 8 spell levels left.
You knew the following spells:

 Your Spells              Type           Power      Damage    Failure   Level
a - Shock                 Conj/Air       100%       1d9       1%          1
b - Portal Projectile     Hex/Tloc       10%        N/A       38%         3
c - Static Discharge      Conj/Air       50%        2-5/arc   1%          2

Your spell library contained the following spells:

 Spells                   Type           Power      Damage    Failure   Level
 Kiss of Death            Conj/Necr      52%        2d9       6%          1
 Swiftness                Air            28%        N/A       3%          3
 Airstrike                Air            14%        2d(2-18)  10%         4
 Slow                     Hex            16%        N/A       16%         1
 Hailstorm                Conj/Ice       13%        3d5       16%         3
 Freeze                   Ice            12%        1d3       17%         1
 Confusing Touch          Hex            4%         N/A       38%         3
 Call Canine Familiar     Summ           3%         N/A       45%         3
 Frozen Ramparts          Ice            6%         1d1       45%         3
 Vampiric Draining        Necr           3%         2d6       45%         3
 Leda's Liquefaction      Hex/Erth       1%         N/A       80%         4


Dungeon Overview and Level Annotations

Branches:
Dungeon (7/15)             Temple (1/1) D:4

Altars:
Ashenzari
Cheibriados
Elyvilon
Fedhas
Gozag
Kikubaaqudgha
Okawaru
Qazlal
Vehumet
Wu Jian
Xom
Yredelemnul
Zin

Shops:
D:1 =   D:3 !

Annotations:
D:2 1 runed translucent door, Crazy Yiuf
D:6 1 runed translucent door, tarna41's ghost, novice MiBe


Innate Abilities, Weirdness & Mutations

You have a beak for a mouth.
You have claws for feet.
Your magical nature lets you fly swiftly and evasively.


Message History

Aiming: Shock (safe; 1% risk of failure)
Press: ? - help, Shift-Dir - straight line, f/p - orc warrior
Aim: an orc warrior, wielding a +0 arbalest and wearing a +0 chain mail (71% to hit)
The zap hits the orc warrior.
The orc warrior is lightly wounded.
The orc warrior shoots a bolt.
The bolt barely misses you.
You are too injured to fight recklessly!
Unknown command.
Aiming: Shock (safe; 1% risk of failure)
Press: ? - help, Q - select action, (/) - cycle Shift-Dir - straight line, f/p - orc warrior
Aim: an orc warrior, wielding a +0 arbalest and wearing a +0 chain mail (lightly wounded, 71% to hit)
You miscast Shock.
You are very lightly contaminated with residual magic.
Nothing appears to happen.
The orc warrior shoots a bolt.
The bolt hits you!
The orc warrior shoots a bolt.
The bolt misses you.
The orc warrior shoots a bolt.
The bolt closely misses you.
Your magical contamination has completely faded away.
Casting: Shock (safe; 1% risk of failure)
Confirm with . or Enter, or press ? or * to list all spells.
Aiming: Shock (safe; 1% risk of failure)
Press: ? - help, Shift-Dir - straight line, p - orc warrior The zap hits the orc warrior but does no damage.
The orc warrior is lightly wounded.
The zap hits the orc warrior.
The orc warrior is moderately wounded.
The orc warrior shoots a bolt.
The bolt closely misses you.
Casting: Shock (safe; 1% risk of failure)
Confirm with . or Enter, or press ? or * to list all spells.
Aiming: Shock (safe; 1% risk of failure)
Press: ? - help, Shift-Dir - straight line The zap hits the orc warrior.
The orc warrior is moderately wounded.
The zap hits the orc warrior.
The orc warrior is heavily wounded.
The orc warrior shoots a bolt.
The bolt hits you!
* * * LOW HITPOINT WARNING * * *
There is a stone staircase leading up here.
The orc warrior shoots a bolt.
The bolt hits you!!
You die...

#........#
#.#.####.# #.#.#
#.# #.#.####.#
#.#...##.#
#........#
#.###.##o#
########.##...#.##
...............@.+
########.#....#.##
#.#.#.##.#
#........#
###.###### #.# #.#
#.# #.#


You could see an orc warrior.

Vanquished Creatures
  2 steam dragons
  Menkaure (D:6)
  An ice beast (D:6)
  A scorpion (D:5)
  2 gnoll sergeants
  A howler monkey (D:6)
  5 hounds
  2 jellies (D:5)
  2 sleepcaps
  Ijyb (D:3)
  Natasha (thrice) (D:3)
  2 iguanas
  An orc wizard (D:5)
  Robin (D:4)
  4 gnolls (D:5)
  9 adders
  A white imp (D:6)
  2 worms
  2 dart slugs
  12 orcs
  6 endoplasms
  9 goblins
  11 hobgoblins
  11 jackals
  A quokka (D:2)
  5 ball pythons
  2 bats (D:1)
  2 frilled lizards (D:2)
  7 kobolds
  6 rats
115 creatures vanquished.

Notes
Turn   | Place    | Note
-------+----------+-------------------------------------------
     0 | D:1      | hikkokomori the Tengu Air Elementalist began the quest for
                  | the Orb.
     0 | D:1      | Reached XP level 1. HP: 10/10 MP: 4/4
    68 | D:1      | Reached XP level 2. HP: 16/16 MP: 1/6
   529 | D:1      | Found Ighugiyk's Jewellery Emporium.
   539 | D:1      | Reached skill level 1 in Fighting
   539 | D:1      | Reached XP level 3. HP: 20/20 MP: 7/7
  1162 | D:2      | Found a runed translucent door.
  1163 | D:2      | Noticed Crazy Yiuf
  1353 | D:3      | Noticed Natasha
  1360 | D:3      | Killed Natasha
  1361 | D:3      | Reached XP level 4. HP: 25/25 MP: 8/8
  1486 | D:3      | Noticed Natasha
  1490 | D:3      | Killed Natasha
  1491 | D:3      | Reached skill level 1 in Ranged Weapons
  1553 | D:3      | Reached skill level 5 in Air Magic
  1553 | D:3      | Gained mutation: Your magical nature lets you fly swiftly
                  | and evasively. [Tengu growth]
  1553 | D:3      | Reached XP level 5. HP: 30/30 MP: 9/9
  1600 | D:3      | Noticed Ijyb
  1618 | D:3      | Killed Ijyb
  1746 | D:3      | Found Aggock's Distillery.
  1786 | D:3      | Found an iron altar of Okawaru.
  2076 | D:3      | Noticed Natasha
  2078 | D:3      | Killed Natasha
  2079 | D:3      | Reached XP level 6. HP: 35/35 MP: 10/10
  2242 | D:3      | Learned a level 3 spell: Portal Projectile
  2245 | D:3      | Learned a level 2 spell: Static Discharge
  2415 | D:4      | Found a staircase to the Ecumenical Temple.
  2431 | D:4      | Noticed Robin
  2452 | Temple   | Entered the Ecumenical Temple
  2473 | Temple   | Became a worshipper of Vehumet
  2499 | D:4      | Killed Robin
  2622 | D:4      | Found an opulent altar of Gozag.
  2631 | D:4      | Found a snail-covered altar of Cheibriados.
  3067 | D:5      | Entered Level 5 of the Dungeon
  3207 | D:5      | Found an ancient bone altar of Kikubaaqudgha.
  3239 | D:5      | Reached XP level 7. HP: 11/40 MP: 11/11
  3497 | D:5      | Reached skill level 6 in Air Magic
  3704 | D:5      | Found a white marble altar of Elyvilon.
  3707 | D:5      | Found a basalt altar of Yredelemnul.
  3712 | D:5      | Found a broken altar of Ashenzari.
  3840 | D:5      | Reached * piety under Vehumet
  3840 | D:5      | Offered knowledge of Kiss of Death by Vehumet.
  4257 | D:6      | Noticed Menkaure
  4260 | D:6      | Killed Menkaure
  4261 | D:6      | Reached skill level 5 in Conjurations
  4261 | D:6      | Reached XP level 8. HP: 46/46 MP: 13/13
  4530 | D:6      | Found an ornate altar of the Wu Jian Council.
  4530 | D:6      | Found a stormy altar of Qazlal.
  4853 | D:6      | Found a runed translucent door.
  4854 | D:6      | Noticed a wyvern
  4855 | D:6      | Noticed tarna41's ghost (novice MiBe)
  5018 | D:6      | Reached skill level 5 in Stealth
  5177 | D:7      | Shot with a bolt by an orc warrior

Illustrated notes

Levels and vault maps discovered:
D:1:      minmay_arrival_checkered_box, layout_basic, serial_shops, shop,
          chequers_serial_rivers_micro_d, nicolae_concentric_dashed_squares_wild
D:2:      layout_basic, uniq_crazy_yiuf_cottage
D:3:      layout_loops_ring, mainiacjoe_overflow_boulevard, serial_shops,
          nicolae_shop_competitors_out_of_business, uniq_natasha, uniq_ijyb
D:4:      layout_loops_ring, mainiacjoe_overflow_swirl,
          minmay_temple_entry_glassed_door, nicolae_goblin_pals
D:5:      layout_loops_cross, kiku_gazebo_garden_becter,
          grunt_temple_overflow_diamond, kennysheep_generic_room_2
D:6:      layout_basic, gammafunk_temple_overflow_elements,
          ebering_ghost_inner_flame, grunt_tough_drop, uniq_menkaure
D:7:      layout_loops_corners
Temple:   oiseaux_autumnal_temple

Skill      XL: |  1  2  3  4  5  6  7  8 |
---------------+-------------------------+-----
Conjurations   | 2 3 4 5 |  5.6
Fighting       | 1 2 3 4 |  4.1
Ranged Weapons | 1 2 3 4 |  4.1
Stealth        | 3 4 5 |  5.1
Air Magic      | 5 6 |  6.9
Spellcasting   | 3 |  3.6
Dodging        | |  2.1
Hexes          | |  0.3
Translocations | |  0.5

Action                     |  1- 3 |  4- 6 |  7- 9 || total
---------------------------+-------+-------+-------++-------
  Melee: Unarmed           |    14 |       |       ||    14
         Kick              |     4 |       |       ||     4
         Peck              |     4 |       |       ||     4
         Short sword       |     1 |       |       ||     1
   Fire: Arbalest          |    17 |    52 |    85 ||   154
   Cast: Shock             |    54 |    44 |    34 ||   132
    Use: Potion            |       |     2 |       ||     2
 Armour: Ring mail         |     9 |    11 |    28 ||    48
  Dodge: Dodged            |    19 |    24 |    69 ||   112

Table legend: (Time is in decaauts)
 A = Elapsed time spent in this place.
 B = Non-inter-level travel time spent in this place.
 C = Inter-level travel time spent in this place.
 D = Time resting spent in this place.
 E = Time spent auto-exploring this place.
 F = Levels seen in this place.
 G = Mean time per level.
                   A        B        C        D        E       F      G
               +--------+--------+--------+--------+--------+-----+--------+
         Total |   5068 |   4854 |    214 |    338 |   3683 |   8 |  633.5 |
       Dungeon |   5035 |   4842 |    193 |    338 |   3674 |   7 |  719.3 |
        Temple |     33 |     13 |     20 |      0 |      9 |   1 |   33.0 |
               +--------+--------+--------+--------+--------+-----+--------+

Top non-repeatable levels by time:
     D:5: 1013 daAuts
     D:6: 998 daAuts
     D:3: 987 daAuts
     D:1: 701 daAuts
     D:4: 682 daAuts
     D:2: 606 daAuts
     D:7: 46 daAuts
  Temple: 33 daAuts
